 Dungeon Crawl Stone Soup version 0.30-a0-373-gd37427bb62 (console) character file.

Game seed: 9497806989158619067

212 petzl the Sneak (level 6, -2/44 (48) HPs)
             Began as a Formicid Delver on Nov 23, 2022.
             Splashed by a jelly's acid (9 damage)
             ... on level 6 of the Dungeon.
             The game lasted 00:14:31 (3631 turns).

petzl the Sneak (Formicid Delver)                   Turns: 3631, Time: 00:14:32

HP:   -2/44 (48)    AC: -4    Str: 17    XL:     6   Next: 13%
MP:   0/10          EV: 11    Int: 11    God:
Gold: 163           SH:  0    Dex: 15    Spells: 10/10 levels left

rFire   + . .      SeeInvis +    a - +0 mace
rCold   . . .      Faith    .    (no shield)
rNeg    . . .      Spirit   +    x - +2 ring mail {rF+}
rPois   .          Reflect  .    (helmet unavailable)
rElec   .          Harm     .    (no cloak)
rCorr   .          Rampage  .    (no gloves)
Will    .....                    (no boots)
Stlth   +++.......               g - amulet of guardian spirit
HPRegen 0.27/turn                (no ring)
MPRegen 0.12/turn                (no ring)

@: corroded, drained
A: permanent stasis, dig shafts and tunnels, antennae 3, four strong arms
a: Dig, Shaft Self


You were on level 6 of the Dungeon.
You visited 2 branches of the dungeon, and saw 8 of its levels.

You collected 163 gold pieces.

Inventory:

Hand Weapons
 a - a +0 mace (weapon)
 b - a +0 dagger of holy wrath {!f =f}
Missiles
 p - 3 boomerangs
Armour
 x - a +2 ring mail of fire resistance (worn)
 C - a +0 kite shield
Jewellery
 g - an amulet of guardian spirit (around neck)
Wands
 f - a wand of digging (3)
 t - a wand of polymorph (7)
Scrolls
 c - a scroll of fog
 d - 3 scrolls of magic mapping
 e - 2 scrolls of fear
 j - 5 scrolls of identify {unknown}
 k - 3 scrolls of teleportation {unknown}
 n - 2 scrolls of enchant armour {unknown}
 q - a scroll of vulnerability {unknown}
 u - a scroll of poison {unknown}
 v - a scroll of butterflies {unknown}
 w - a scroll of amnesia {unknown}
 y - a scroll of brand weapon {unknown}
Potions
 h - 3 potions of invisibility {unknown}
 i - 4 potions of heal wounds {unknown}
 l - 2 potions of brilliance {unknown}
 m - a potion of resistance {unknown}
 o - a potion of cancellation {unknown}
 r - a potion of flight {unknown}
 s - 2 potions of curing {unknown}
 z - 2 potions of attraction {unknown}
 A - a potion of degeneration {unknown}
 B - a potion of might {unknown}


   Skills:
 + Level 4.1 Fighting
 - Level 2.2 Maces & Flails
 + Level 2.0 Armour
 + Level 2.6 Dodging
 + Level 6.7 Stealth
 * Level 2.8 Spellcasting


You had 10 spell levels left.
You didn't know any spells.
Your spell library contained the following spells:

 Spells                   Type           Power      Damage    Failure   Level
 Necrotise                Necr           4%         1d4       43%         1
 Ensorcelled Hibernation  Hex/Ice        2%         N/A       58%         2
 Passwall                 Tmut/Erth      0%         N/A       58%         2
 Sublimation of Blood     Necr           1%         N/A       58%         2
 Vampiric Draining        Necr           1%         2d6       82%         3
 Petrify                  Tmut/Erth      1%         N/A       99%         4
 Agony                    Necr           1%         N/A       100%        5
 Irradiate                Conj/Tmut      0%         3d11      100%        5
 Swiftness                Air            Unusable   N/A       N/A         3

Dungeon Overview and Level Annotations

Branches:
Dungeon (7/15)             Temple (1/1) D:4

Altars:
Cheibriados
Dithmenos
Fedhas
Kikubaaqudgha
Makhleb
Nemelex Xobeh
Qazlal
Ru
Sif Muna
Uskayaw
Wu Jian
Xom
Yredelemnul
Zin

Annotations:
D:4 exclusion: scorpion
D:6 exclusions: ogre, orc, steam dragon and upstairs
D:7 exclusion: 2 gnolls


Innate Abilities, Weirdness & Mutations

You cannot be hasted, slowed, berserked, paralysed or teleported.
You can dig through walls and to a lower floor.
You have a pair of large antennae on your head. (SInv)
Your four strong arms can wield two-handed weapons with a shield.


Message History

There is an open door here.
Found 16 gold pieces.
You now have 148 gold pieces (gained 16).
Found a stone staircase leading down.
Found a scroll labelled HUMPYN WONEX.
Found a kite shield.
Found 15 gold pieces.
There is a stone staircase leading down here.
Found 2 atropa-tipped darts.
Found a scroll labelled VAURAU XAERO.
y - a scroll labelled HUMPYN WONEX
Found a stone staircase leading up.
You see here a +0 kite shield.
C - a +0 kite shield
j - 5 scrolls labelled VAURAU XAERO (gained 1)
You see here 2 atropa-tipped darts.
You now have 163 gold pieces (gained 15).
A jelly comes into view.
The jelly quivers.
There is an open door here.
You sock the jelly! The acid corrodes you!
Your hands burn!
The jelly is heavily wounded.
The jelly closely misses you.
You hit the jelly but do no damage. The acid corrodes you!
Your hands burn!
The jelly is heavily wounded.
The jelly hits you. The acid corrodes you!
You are splashed with acid.
You hit the jelly.
Your hands burn!
The jelly is heavily wounded.
The jelly hits you.
You are splashed with acid!
There is an open door here.
The jelly attacks as you move away! The jelly closely misses you.
The jelly attacks as you move away! The jelly hits you.
You are splashed with acid!
Are you sure you want to shaft yourself?
The jelly hits you.
You are splashed with acid!
* * * LOW HITPOINT WARNING * * *
You begin to dig a shaft.
You continue digging a shaft.
The jelly hits you.
* * * LOW HITPOINT WARNING * * *
You are splashed with acid!
You die...

### #<# #.# #.## #........ #(.#
#....... #..# # #.......
####..#.# #...... #.....#.#
#...... ####.##..#.# #....#
#..........# #....# ##.........#
###....########..#.##.#.###
...'....'..J@.........>....#
####....########..####.#.###
#....# ####.......#.# ##
#........... #....#####.# # .#
#...........# ##########.#
.##### #...........# #........#
.#...# #...........# #.########
...#.# #...........# ###.#
.(.#<# #...........####...#
##.### #................### .#.#
#..........[......# ...#
##'####+#.........# ...# #.#
#.#.........# ...#
#.####...........# ...#
##................# ...##
#.......########### ....#
#.......# ##############
....#####..##.### #............#
.....#.....##'#####............#


You could see a jelly.

Vanquished Creatures
  A necrophage (D:7)
  An orc wizard (D:3)
  A gnoll (D:1)
  3 adders
  3 worms (D:2)
  A dart slug (D:1)
  8 orcs
  7 endoplasms
  4 giant cockroaches
  4 goblins
  6 hobgoblins
  3 jackals
  4 quokkas
  5 ball pythons
  10 bats
  2 frilled lizards (D:1)
  3 kobolds
  5 rats
71 creatures vanquished.

Vanquished Creatures (others)
  11 plants (D:1)
11 creatures vanquished.

Grand Total: 82 creatures vanquished

Notes
Turn   | Place    | Note
-------+----------+-------------------------------------------
     0 | D:5      | petzl the Formicid Delver began the quest for the Orb.
     0 | D:5      | Reached XP level 1. HP: 18/18 MP: 1/1
   301 | D:1      | Found a faded altar of an unknown god.
   304 | D:1      | Reached XP level 2. HP: 24/24 MP: 2/2
   482 | D:1      | Reached XP level 3. HP: 15/29 MP: 2/4
   577 | D:1      | Reached skill level 1 in Spellcasting
  1131 | D:2      | Reached XP level 4. HP: 29/37 MP: 3/6
  1195 | D:2      | Reached skill level 1 in Armour
  1450 | D:2      | Found a shimmering altar of Xom.
  2057 | D:3      | Found a snail-covered altar of Cheibriados.
  2120 | D:3      | Reached XP level 5. HP: 36/42 MP: 6/8
  2372 | D:3      | Found a stormy altar of Qazlal.
  2778 | D:4      | Found a staircase to the Ecumenical Temple.
  2787 | Temple   | Entered the Ecumenical Temple
  3074 | D:4      | You fall into a shaft and drop 2 floors!
  3200 | D:6      | Noticed a steam dragon
  3271 | D:7      | Reached XP level 6. HP: 35/44 MP: 6/10
  3490 | D:6      | Noticed an ogre
  3631 | D:6      | Splashed by a jelly's acid

Illustrated notes

Levels and vault maps discovered:
D:1:      dpeg_arrival_shelter, layout_basic, serial_bayou, serial_bayou_pond_b,
          serial_bayou_pond_e, serial_bayou_crossing, serial_bayou_pond_b,
          ebering_ecumenical_altar_ruins
D:2:      layout_loops_cross, basic_altar
D:3:      layout_basic, mainiacjoe_overflow_alcove_4, lemuel_doored_altar
D:4:      layout_basic, lemuel_round_altar, minmay_temple_entry_statues_pillars
D:5:      layout_basic, pf_just_have_faith
D:6:      layout_basic, uniq_menkaure
D:7:      layout_rooms, small_statue_alley_b
Temple:   hc_temple_tempest_star

Skill      XL: |  1  2  3  4  5 |
---------------+----------------+-----
Dodging        | 2 |  2.6
Spellcasting   | 1 2 |  2.8
Armour         | 1 2 |  2.0
Fighting       | 4 |  4.1
Maces & Flails | |  2.2
Stealth        | |  6.7

Action                   |  1- 3 |  4- 6 || total
-------------------------+-------+-------++-------
Melee: Mace              |   124 |   157 ||   281
       Punch             |     1 |       ||     1
 Abil: Shaft Self        |       |     2 ||     2
 Stab: Sleeping          |     7 |     7 ||    14
       Distracted        |       |     1 ||     1
Armor: Ring mail         |    65 |    40 ||   105
Dodge: Dodged            |    98 |    79 ||   177

Table legend: (Time is in decaauts)
 A = Elapsed time spent in this place.
 B = Non-inter-level travel time spent in this place.
 C = Inter-level travel time spent in this place.
 D = Time resting spent in this place.
 E = Time spent auto-exploring this place.
 F = Levels seen in this place.
 G = Mean time per level.
                   A        B        C        D        E       F      G
               +--------+--------+--------+--------+--------+-----+--------+
         Total |   3734 |   3569 |    165 |    463 |   1715 |   8 |  466.8 |
       Dungeon |   3627 |   3474 |    153 |    463 |   1633 |   7 |  518.1 |
        Temple |    106 |     94 |     12 |      0 |     82 |   1 |  106.0 |
               +--------+--------+--------+--------+--------+-----+--------+

Top non-repeatable levels by time:
     D:3: 854 daAuts
     D:1: 838 daAuts
     D:2: 834 daAuts
     D:4: 461 daAuts
     D:6: 377 daAuts
     D:7: 184 daAuts
  Temple: 106 daAuts
     D:5: 76 daAuts
